 Dungeon Crawl Stone Soup version 0.19-a0-1051-gdb7e7f8 (webtiles) character file.

83 Musica the Shield-Bearer (level 4, -1/37 HPs)
             Began as a Formicid Fighter on Aug 2, 2016.
             Killed by nerve-wracking pain
             ... invoked by Grinder
              (12 damage)
             ... on level 3 of the Dungeon.
             The game lasted 00:03:57 (1613 turns).

Musica the Shield-Bearer (Formicid Fighter)         Turns: 1613, Time: 00:03:58

Health: -1/37      AC:  6    Str: 25    XL:     4   Next: 71%
Magic:  4/4        EV:  8    Int:  8    God:
Gold:   92         SH: 10    Dex: 11    Spells: 0 memorised, 3 levels left

rFire  . . .     SeeInvis +     a - +0 trident
rCold  . . .     Gourm    .     b - +0 scale mail
rNeg   . . .     Faith    .     c - +0 shield
rPois  .         Spirit   .     (helmet unavailable)
rElec  .         Dismiss  .     (no cloak)
rCorr  .         Reflect  .     (no gloves)
SustAt .         Harm     .     (no boots)
MR     .....                    (no amulet)
Stlth  ..........               (no ring)
                                (no ring)

@: mighty, not resistant to hostile enchantments, extremely unstealthy
A: permanent stasis, dig shafts and tunnels, four strong arms, antennae 3
a: Dig, Shaft Self


You were on level 3 of the Dungeon.
You were hungry.

You visited 1 branch of the dungeon, and saw 4 of its levels.

You collected 92 gold pieces.

Inventory:

Hand Weapons
 a - a +0 trident (weapon)
Missiles
 o - 4 javelins (quivered)
 w - 7 tomahawks
Armour
 b - a +0 scale mail (worn)
 c - a +0 shield (worn)
Wands
 l - a wand of random effects (21/48)
Scrolls
 g - 8 scrolls of identify {unknown}
 k - a scroll of fear {unknown}
 p - a scroll of fog {unknown}
 q - a scroll of amnesia {unknown}
 r - a scroll of enchant armour {unknown}
 s - a scroll of immolation {unknown}
 t - a scroll of remove curse {unknown}
 u - a scroll of random uselessness {unknown}
Potions
 e - 2 potions of mutation {unknown}
 i - a potion of brilliance {unknown}
 j - a potion of degeneration {unknown}
 m - a potion of curing {unknown}
 n - a potion of heal wounds {unknown}
Comestibles
 f - 3 bread rations
 h - a slice of pizza
 v - 5 chunks of flesh


   Skills:
 + Level 4.2 Fighting
 + Level 2.4 Polearms
 - Level 3.2 Armour
 + Level 5.0 Shields


You had 3 spell levels left.
You didn't know any spells.

Dungeon Overview and Level Annotations

Branches:
Dungeon (4/15)
 Temple: D:4-7

Altars:

Annotations:
D:3 Grinder


Innate Abilities, Weirdness & Mutations

You are under a permanent stasis effect.
You can dig through walls and to a lower floor.
Your four strong arms can wield two-handed weapons with a shield.
You have a pair of large antennae on your head. (SInv)


Message History

Your stasis keeps you stable.
You hit Ijyb.
Ijyb is almost dead.
You block Ijyb's attack. Grinder hits you.
You writhe in agony.
You puncture Ijyb!
You kill Ijyb!
Your Shields skill increases to level 5!
Grinder hits you.
You writhe in agony.
You block Grinder's attack.
Unknown command.
You hit Grinder.
Grinder is lightly wounded.
You block Grinder's attack.
You hit Grinder but do no damage.
Grinder is lightly wounded.
Grinder hits you.
You writhe in agony.
* * * LOW HITPOINT WARNING * * *
You feel very mighty all of a sudden. Grinder gestures at you.
Pain shoots through your body!
You die...

....g ..# { ....#####.##
#....##...##
####..#....... .#
......>.##... .#
##.....#...#.#### ##.##
#.......†..#....####...##
#<.# #@5.....>[.......#
#........#
########.##.[.....
#.......... #.##......#
##.#####.### #.##......#
# .# #.###....## .# #.#
##....# .# #.# ###..# .#
..# #..# ##..


You could see Grinder.

Vanquished Creatures
  Ijyb (D:3)
  An adder (D:2)
  A worm (D:2)
  A dart slug (D:1)
  An orc (D:3)
  5 giant cockroaches
  8 goblins
  7 hobgoblins
  3 jackals (D:1)
  A ball python (D:3)
  A bat (D:1)
  3 giant newts
  4 kobolds
  2 rats (D:1)
39 creatures vanquished.

Notes
Turn   | Place    | Note
-------+----------+-------------------------------------------
     0 | D:1      | Musica the Formicid Fighter began the quest for the Orb.
     0 | D:1      | Reached XP level 1. HP: 18/18 MP: 1/1
   115 | D:1      | Reached XP level 2. HP: 24/24 MP: 2/2
   121 | D:1      | Reached skill level 4 in Shields
   253 | D:1      | Reached XP level 3. HP: 11/30 MP: 3/3
   796 | D:3      | Noticed Ijyb
  1181 | D:2      | Reached XP level 4. HP: 37/37 MP: 4/4
  1587 | D:3      | Noticed Grinder
  1610 | D:3      | Killed Ijyb
  1610 | D:3      | Reached skill level 5 in Shields
  1613 | D:3      | Killed from afar by Grinder

Vault maps used:
D:1:      saegor_arrival_simple_b, minmay_surrounded
D:2:      first_bread
D:3:      hangedman_ru_absence, uniq_iyjb, uniq_grinder
D:4:      nicolae_dithmenos_through_a_glass_darkly, serial_shops, shop_statue,
          grunt_pakellas_basics

Skill      XL: |  1  2  3  4 |
---------------+-------------+-----
Shields        | 4 5 |  5.0
Fighting       | 4 |  4.2
Polearms       | |  2.4
Armour         | |  3.2

Action                   |  1- 3 |  4- 6 || total
-------------------------+-------+-------++-------
Melee: Trident           |   119 |    49 ||   168
Throw: Javelin           |       |     2 ||     2
  Use: Potion            |       |     1 ||     1
  Eat: Chunk             |     1 |     1 ||     2
Armor: Scale mail        |    35 |     8 ||    43
Dodge: Dodged            |    36 |    14 ||    50
Block: Shield            |    58 |    19 ||    77
